PBL
SOUTHERN MARYLAND BLUE CRABS @ WINDY CITY THUNDERBOLTS
11/03/2044
 
TOP OF THE 1ST
New York (WIN) Yankees batting - Pitching for Cincinnati (WIN) Reds : LHP Dave Rivera
Pitching: LHP Dave Rivera
Batting: RHB Sam Saunders 0-0: Ball
1-0: Fly out, F4 (Flyball, 4D, EV 94.4 MPH)
Batting: RHB Sean Neuroth 0-0: Ball
1-0: Ball
2-0: Called Strike
2-1: Foul Ball, location: 2F
2-2: Ball
3-2: SINGLE (Groundball, 6S, EV 74.4 MPH) (infield hit)
Batting: LHB Jordan de Jesus 0-0: Foul Ball, location: 2F
0-1: Ball
1-1: Foul Ball, location: 2F
1-2: Ball
2-2: Hit by Pitch
Sean Neuroth to second
Batting: LHB Jim Skare 0-0: Fly out, F8 (Flyball, 78D, EV 83.8 MPH)
Batting: RHB Jeremy Lewis 0-0: Ball
1-0: Called Strike
1-1: Fielders Choice at 2nd, 5-4 (Groundball, 5, EV 102.5 MPH)
Top of the 1st over - 0 runs, 1 hit, 0 errors, 2 left on base; New York (WIN) 0 - Cincinnati (WIN) 0
BOTTOM OF THE 1ST
Cincinnati (WIN) Reds batting - Pitching for New York (WIN) Yankees : RHP Bao-qing Bu
Pitching: RHP Bao-qing Bu
Batting: RHB Willie Lazcano 0-0: Ball
1-0: SINGLE (Flyball, 89S, EV 93.8 MPH)
Batting: SHB Dave Barefoot 0-0: Called Strike
Willie Lazcano is caught stealing 2nd base 2-6
0-1: Foul Ball, location: 2F
0-2: Ball
1-2: Ball
2-2: Ground out 6-3 (Groundball, 56, EV 84.4 MPH)
Batting: LHB Shawn Morrison 0-0: Foul Ball, location: 2F
0-1: Foul Ball, location: 2F
0-2: Fly out, F7 (Flyball, 78D, EV 108.1 MPH)
Bottom of the 1st over - 0 runs, 1 hit, 0 errors, 0 left on base; New York (WIN) 0 - Cincinnati (WIN) 0
TOP OF THE 2ND
New York (WIN) Yankees batting - Pitching for Cincinnati (WIN) Reds : LHP Dave Rivera
Batting: RHB Scott King 0-0: Foul Ball, location: 2F
0-1: Ball
1-1: Ball
2-1: Ball
3-1: Base on Balls
Batting: RHB Jarrod Joyce 0-0: Ball
1-0: Foul Ball, location: 2F
1-1: Ball
2-1: Grounds into double play, 5-4-3 (Groundball, 56S, EV 80.0 MPH)
Batting: RHB Jeremy Boerman 0-0: Called Strike
0-1: Ball
1-1: Swinging Strike
1-2: Strikes out looking
Top of the 2nd over - 0 runs, 0 hits, 0 errors, 0 left on base; New York (WIN) 0 - Cincinnati (WIN) 0
BOTTOM OF THE 2ND
Cincinnati (WIN) Reds batting - Pitching for New York (WIN) Yankees : RHP Bao-qing Bu
Batting: SHB Saulo Maina 0-0: Ball
1-0: Ball
2-0: SINGLE (Groundball, 4MS, EV 70.6 MPH) (infield hit)
Batting: RHB Fred Slade 0-0: Ball
1-0: Ball
2-0: Ball
3-0: Base on Balls
Saulo Maina to second
Batting: LHB Jake Bill 0-0: Called Strike
0-1: Foul Ball, location: 2F
0-2: Foul Ball, location: 2F
0-2: Ball
1-2: Grounds into double play, 6-4-3 (Groundball, 6, EV 92.5 MPH)
Saulo Maina to third
Batting: RHB Jason Harris 0-0: Ball
1-0: Called Strike
1-1: Ball
2-1: Swinging Strike
2-2: Strikes out swinging
Bottom of the 2nd over - 0 runs, 1 hit, 0 errors, 1 left on base; New York (WIN) 0 - Cincinnati (WIN) 0
TOP OF THE 3RD
New York (WIN) Yankees batting - Pitching for Cincinnati (WIN) Reds : LHP Dave Rivera
Batting: RHB Stu Rancourt 0-0: Ball
1-0: SINGLE (Line Drive, 4D, EV 103.8 MPH)
Batting: RHB Sam Saunders 0-0: Ball
1-0: Ball
2-0: Ball
3-0: Foul Ball, location: 2F
3-1: Called Strike
3-2: Foul Ball, location: 2F
3-2: Foul Ball, location: 2F
3-2: Strikes out swinging
Stu Rancourt is caught stealing 2nd base 2-4
Batter strikes out.
Batting: RHB Sean Neuroth 0-0: Fly out, F9 (Flyball, 89D, EV 101.2 MPH)
Top of the 3rd over - 0 runs, 1 hit, 0 errors, 0 left on base; New York (WIN) 0 - Cincinnati (WIN) 0
BOTTOM OF THE 3RD
Cincinnati (WIN) Reds batting - Pitching for New York (WIN) Yankees : RHP Bao-qing Bu
Batting: LHB Ryan Braden 0-0: Ball
1-0: Ball
2-0: Foul Ball, location: 2F
2-1: Swinging Strike
2-2: Strikes out swinging
Batting: RHB Cyd Carver 0-0: Foul Ball, location: 2F
0-1: Fly out, F4 (Popup, 4M, EV 56.9 MPH)
Batting: RHB Willie Lazcano 0-0: Called Strike
0-1: SINGLE (Groundball, 4MD, EV 98.1 MPH)
Batting: SHB Dave Barefoot 0-0: Ball
Willie Lazcano steals 2nd base
1-0: Ball
2-0: Called Strike
2-1: Swinging Strike
2-2: Ball
3-2: Strikes out swinging
Bottom of the 3rd over - 0 runs, 1 hit, 0 errors, 1 left on base; New York (WIN) 0 - Cincinnati (WIN) 0
TOP OF THE 4TH
New York (WIN) Yankees batting - Pitching for Cincinnati (WIN) Reds : LHP Dave Rivera
Batting: LHB Jordan de Jesus 0-0: Called Strike
0-1: Foul Ball, location: 2F
0-2: Ball
1-2: Foul Ball, location: 2F
1-2: Ground out 4-3 (Groundball, 4M, EV 88.1 MPH)
Batting: LHB Jim Skare 0-0: Called Strike
0-1: Ball
1-1: Foul Ball, location: 2F
1-2: Ball
2-2: Ball
3-2: SINGLE (Groundball, 6MD, EV 101.2 MPH) (infield hit)
Batting: RHB Jeremy Lewis 0-0: Called Strike
0-1: Called Strike
0-2: Ball
1-2: Strikes out swinging
Batting: RHB Scott King 0-0: Ball
Jim Skare steals 2nd base
1-0: Swinging Strike
1-1: 2-RUN HOME RUN (Line Drive, 7D, EV 102.5 MPH), Distance : 370 ft
Batting: RHB Jarrod Joyce 0-0: Foul Ball, location: 2F
0-1: Ball
1-1: Fly out, F9 (Flyball, 9LM, EV 89.4 MPH)
Top of the 4th over - 2 runs, 2 hits, 0 errors, 0 left on base; New York (WIN) 2 - Cincinnati (WIN) 0
BOTTOM OF THE 4TH
Cincinnati (WIN) Reds batting - Pitching for New York (WIN) Yankees : RHP Bao-qing Bu
Batting: LHB Shawn Morrison 0-0: Ball
1-0: Foul Ball, location: 2F
1-1: Ball
2-1: Ball
3-1: Foul Ball, location: 2F
3-2: Foul Ball, location: 2F
3-2: SINGLE (Line Drive, 6MD, EV 93.8 MPH)
Batting: SHB Saulo Maina 0-0: Foul Ball, location: 2F
0-1: Ball
1-1: SINGLE (Groundball, 34D, EV 100.6 MPH)
Shawn Morrison to second
Runner from 2nd tries for 3rd, SAFE, throw by RF made to third
Batting: RHB Fred Slade 0-0: Ball
1-0: Grounds into double play, 4-6-3 (Groundball, 4M, EV 101.9 MPH)
Shawn Morrison scores
Batting: LHB Jake Bill 0-0: Ball
1-0: Ball
2-0: Called Strike
2-1: Fly out, F8 (Flyball, 78XD, EV 104.4 MPH)
Bottom of the 4th over - 1 run, 2 hits, 0 errors, 0 left on base; New York (WIN) 2 - Cincinnati (WIN) 1
TOP OF THE 5TH
New York (WIN) Yankees batting - Pitching for Cincinnati (WIN) Reds : LHP Dave Rivera
Batting: RHB Jeremy Boerman 0-0: Ball
1-0: Called Strike
1-1: Foul Ball, location: 2F
1-2: Ball
2-2: Strikes out swinging
Batting: RHB Stu Rancourt 0-0: Ground out 4-3 (Groundball, 4, EV 83.8 MPH)
Batting: RHB Sam Saunders 0-0: Called Strike
0-1: Ball
1-1: DOUBLE (Line Drive, 89D, EV 107.5 MPH)
Batting: RHB Sean Neuroth 0-0: Called Strike
0-1: Called Strike
0-2: Foul Ball, location: 2F
0-2: Strikes out swinging
Top of the 5th over - 0 runs, 1 hit, 0 errors, 1 left on base; New York (WIN) 2 - Cincinnati (WIN) 1
BOTTOM OF THE 5TH
Cincinnati (WIN) Reds batting - Pitching for New York (WIN) Yankees : RHP Bao-qing Bu
Batting: RHB Jason Harris 0-0: Called Strike
0-1: Hit by Pitch
Batting: LHB Ryan Braden 0-0: Ball
1-0: Fielders Choice at 2nd, 4-6 (Groundball, 4MS, EV 85.6 MPH)
Pinch Hitting: SHB Freddie Farrar 0-0: Ball
1-0: 2-RUN HOME RUN (Flyball, 9D, EV 91.9 MPH), Distance : 371 ft
Batting: RHB Willie Lazcano 0-0: Ball
1-0: SINGLE (Groundball, 4MD, EV 100.0 MPH)
Batting: SHB Dave Barefoot 0-0: Ball
Willie Lazcano steals 2nd base
1-0: Called Strike
1-1: Ball
2-1: Ball
Wild Pitch!
Willie Lazcano to third
3-1: Fly out, F8 (Line Drive, 8RD, EV 93.8 MPH)
Runner from 3rd tags up, SCORES, no throw by CF
Batting: LHB Shawn Morrison 0-0: Foul Ball, location: 2F
0-1: Foul Ball, location: 2F
0-2: Ball
1-2: Foul Ball, location: 2F
1-2: Ball
2-2: Foul Ball, location: 2F
2-2: Foul Ball, location: 2F
2-2: Ball
3-2: SINGLE (Line Drive, 89S, EV 108.1 MPH)
Batting: SHB Saulo Maina 0-0: Called Strike
0-1: Ball
1-1: Called Strike
1-2: Ball
Shawn Morrison is caught stealing 2nd base 2-6
Bottom of the 5th over - 3 runs, 3 hits, 0 errors, 0 left on base; New York (WIN) 2 - Cincinnati (WIN) 4
TOP OF THE 6TH
New York (WIN) Yankees batting - Pitching for Cincinnati (WIN) Reds : LHP Dave Rivera
Now at 2B: Freddie Farrar
Now at SS: Saulo Maina
Batting: LHB Jordan de Jesus 0-0: Called Strike
0-1: DOUBLE (Line Drive, 78D, EV 109.4 MPH)
Batting: LHB Jim Skare 0-0: Foul Ball, location: 2F
0-1: Ground out 6-3 (Groundball, 6M, EV 81.2 MPH)
Jordan de Jesus to third
Batting: RHB Jeremy Lewis 0-0: Foul Ball, location: 2F
0-1: Ball
1-1: Fly out, F8 (Flyball, 8RS, EV 89.4 MPH)
Runner from 3rd tags up, OUT at HOME! 8-2
Top of the 6th over - 0 runs, 1 hit, 0 errors, 0 left on base; New York (WIN) 2 - Cincinnati (WIN) 4
BOTTOM OF THE 6TH
Cincinnati (WIN) Reds batting - Pitching for New York (WIN) Yankees : RHP Bao-qing Bu
Batting: SHB Saulo Maina 0-0: Ball
1-0: Called Strike
1-1: Called Strike
1-2: Ball
2-2: SINGLE (Flyball, 4D, EV 88.1 MPH)
Pitching: LHP Armando Florez
Batting: RHB Fred Slade 0-0: Ball
1-0: Foul Ball, location: 2F
1-1: Foul Ball, location: 2F
1-2: Ball
2-2: Foul Ball, location: 2F
2-2: Grounds into double play, 6-4-3 (Groundball, 6MS, EV 83.1 MPH)
Batting: LHB Jake Bill 0-0: Ball
1-0: Ball
2-0: Ball
3-0: SINGLE (Line Drive, 7S, EV 98.1 MPH)
Batting: RHB Jason Harris 0-0: Ball
1-0: Ball
2-0: Ground out 5-3 (Groundball, 56S, EV 84.4 MPH)
Bottom of the 6th over - 0 runs, 2 hits, 0 errors, 1 left on base; New York (WIN) 2 - Cincinnati (WIN) 4
TOP OF THE 7TH
New York (WIN) Yankees batting - Pitching for Cincinnati (WIN) Reds : LHP Dave Rivera
Batting: RHB Scott King 0-0: Called Strike
0-1: Swinging Strike
0-2: Strikes out swinging
Batting: RHB Jarrod Joyce 0-0: Foul Ball, location: 2F
0-1: SINGLE (Groundball, 4MD, EV 95.0 MPH)
Batting: RHB Jeremy Boerman 0-0: Ball
1-0: Foul Ball, location: 2F
1-1: Swinging Strike
1-2: Strikes out swinging
Batting: RHB Stu Rancourt 0-0: Called Strike
0-1: Fly out, F3 (Popup, 3SF, EV 86.2 MPH)
Top of the 7th over - 0 runs, 1 hit, 0 errors, 1 left on base; New York (WIN) 2 - Cincinnati (WIN) 4
BOTTOM OF THE 7TH
Cincinnati (WIN) Reds batting - Pitching for New York (WIN) Yankees : LHP Armando Florez
Pitching: RHP Jose Tavira
Batting: LHB Ryan Braden 0-0: Called Strike
0-1: Swinging Strike
0-2: Ball
1-2: Fly out, F9 (Line Drive, 9, EV 89.4 MPH)
Batting: SHB Freddie Farrar 0-0: Ball
1-0: Called Strike
1-1: SINGLE (Line Drive, 34, EV 96.2 MPH)
Batting: RHB Willie Lazcano 0-0: Ball
1-0: Ball
2-0: Ball
3-0: Called Strike
3-1: Base on Balls
Freddie Farrar to second
Batting: SHB Dave Barefoot 0-0: Called Strike
0-1: Ball
1-1: Fly out, F8 (Flyball, 78XD, EV 86.9 MPH)
Runner from 2nd tags up, SAFE at 3rd, no throw by CF
Batting: LHB Shawn Morrison 0-0: Ball
1-0: Swinging Strike
1-1: Ball
2-1: Foul Ball, location: 2F
2-2: Strikes out swinging
Bottom of the 7th over - 0 runs, 1 hit, 0 errors, 2 left on base; New York (WIN) 2 - Cincinnati (WIN) 4
TOP OF THE 8TH
New York (WIN) Yankees batting - Pitching for Cincinnati (WIN) Reds : LHP Dave Rivera
Pitching: RHP Mario Quezada
Batting: RHB Sam Saunders 0-0: Ball
1-0: Ball
2-0: Ball
3-0: Base on Balls
Batting: RHB Sean Neuroth 0-0: Ball
1-0: Called Strike
1-1: Fly out, F8 (Flyball, 8RD, EV 108.1 MPH)
Batting: LHB Jordan de Jesus 0-0: Called Strike
0-1: SINGLE (Groundball, 25, EV 70.0 MPH) (infield hit)
Sam Saunders to second
Pitching: LHP Davy Thorne
Batting: LHB Jim Skare 0-0: Called Strike
0-1: Grounds into double play, 6-4-3 (Groundball, 56, EV 86.9 MPH)
Top of the 8th over - 0 runs, 1 hit, 0 errors, 1 left on base; New York (WIN) 2 - Cincinnati (WIN) 4
BOTTOM OF THE 8TH
Cincinnati (WIN) Reds batting - Pitching for New York (WIN) Yankees : RHP Jose Tavira
Pitching: RHP Dave Barry
Batting: SHB Saulo Maina 0-0: Ground out 4-3 (Groundball, 4, EV 85.6 MPH)
Batting: RHB Fred Slade 0-0: Called Strike
0-1: Called Strike
0-2: Ball
1-2: Strikes out looking
Batting: LHB Jake Bill 0-0: Called Strike
0-1: SOLO HOME RUN (Flyball, 7D, EV 95.6 MPH), Distance : 366 ft
Batting: RHB Jason Harris 0-0: Foul Ball, location: 2F
0-1: DOUBLE (Line Drive, 8RXD, EV 105.6 MPH)
Batting: LHB Ryan Braden 0-0: Ball
1-0: Called Strike
1-1: Ball
2-1: Foul Ball, location: 2F
2-2: Ball
3-2: Foul Ball, location: 2F
3-2: Strikes out swinging
Bottom of the 8th over - 1 run, 2 hits, 0 errors, 1 left on base; New York (WIN) 2 - Cincinnati (WIN) 5
TOP OF THE 9TH
New York (WIN) Yankees batting - Pitching for Cincinnati (WIN) Reds : LHP Davy Thorne
Pitching: LHP Jose Estrada
Batting: RHB Jeremy Lewis 0-0: Foul Ball, location: 2F
0-1: Ball
1-1: Called Strike
1-2: Strikes out swinging
Batting: RHB Scott King 0-0: Ball
1-0: Foul Ball, location: 2F
1-1: Swinging Strike
1-2: Strikes out swinging
Batting: RHB Jarrod Joyce 0-0: Called Strike
0-1: Ball
1-1: Called Strike
1-2: Ball
2-2: Ball
3-2: Strikes out swinging
Top of the 9th over - 0 runs, 0 hits, 0 errors, 0 left on base; New York (WIN) 2 - Cincinnati (WIN) 5
Thursday, March 31st , 2022 - OOTP Baseball 22.12 Build 89